Map: El Dorado

Players

Geralt (Gerald) - Winner!

  • Race: Protoss Protoss
  • League: Grandmaster
  • Spawn Location: 7:00

Moja

  • Race: Terran Terran
  • League: Grandmaster
  • Spawn Location: 5:00

Event: HomeStory Cup XXVI

VOD

Have the link to the VOD?

Description

Time

  • Played on: Nov. 29, 2024, 4:38 p.m.
  • Length: 3:40

All games in this series

Show
View Real Time Build Order
Export as new Build Order

Geralt Protoss - Winner!

Build Orders: 1 Gate Expand 

Get SALT Encoding   

  12  0:00  Probe  
  13  0:12  Probe  
  14  0:18  Pylon  
  14  0:23  Probe  
  15  0:32  Probe  
  15  0:38  Gateway  
  15  0:40  Probe  
  16  0:47  Assimilator  
  17  0:52  Probe  
  18  1:04  Probe  
  19  1:16  Probe  
  20  1:25  Cybernetics Core  
  20  1:28  Probe  
  21  1:37  Nexus  
  21  1:42  Probe  
  22  1:48  Pylon  
  21  1:54  Assimilator  
  21  1:56  Probe  
  21  1:58  Sentry  
  24  2:08  Probe  
  24  2:13  Shield Battery  
  25  2:20  Probe  
  26  2:27  Stalker  
  26  2:33  Probe  
  29  2:45  Probe  
  29  2:50  Probe  
  31  2:53  Gateway  
  31  2:54  Stalker  
  31  2:57  Probe  
  34  3:04  Shield Battery  
  34  3:14  Probe  
  34  3:15  Shield Battery  
Show
View Real Time Build Order
Export as new Build Order

Moja Terran 

Build Orders:  

Get SALT Encoding   

  12  0:00  SCV  
  13  0:12  SCV  
  14  0:17  Supply Depot  
  14  0:24  SCV  
  15  0:39  SCV  
  15  0:40  Barracks  
  16  0:45  Refinery  
  16  0:59  Barracks  
  16  1:02  SCV  
  17  1:15  SCV  
  18  1:26  Marine  
  19  1:45  Barracks Reactor  
  19  1:48  Barracks Tech Lab  
  19  1:52  Orbital Command  
  19  1:59  Supply Depot  
  19  2:06  Marauder  
  21  2:10  Concussive Shells  
  21  2:17  SCV  
  21  2:20  Marine x2  
  24  2:26  Supply Depot  
  24  2:28  Marauder  
  26  2:31  SCV  
  27  2:38  Marine x2  
  29  2:45  SCV  
  30  2:52  Marauder  
  30  2:56  Marine x2  
  35  2:58  SCV  
  35  3:00  Supply Depot  
  35  3:09  Bunker  
  33  3:16  Marine x2, Marauder  
  36  3:21  SCV  
  34  3:27  Factory  
Tags
 
Add a new tag
Caveats
  • Supply blocks, unpowered buildings, or Contaminate may cause inaccurate times.
  • Supply counts are checked every 10 seconds.